 Dungeon Crawl Stone Soup version 0.21.1-1-g345015fe64 (webtiles) character file.

153 Revguard the Slasher (level 5, 0/39 HPs)
             Began as a Demonspawn Gladiator on June 27, 2018.
             Slain by an orc warrior
             ... wielding a cursed -2 battleaxe
              (19 damage)
             ... on level 3 of the Dungeon.
             The game lasted 00:08:48 (2393 turns).

Revguard the Slasher (Demonspawn Gladiator)         Turns: 2393, Time: 00:08:50

Health: 0/39       AC:  4    Str: 14    XL:     5   Next: 12%
Magic:  6/6        EV: 13    Int: 10    God:
Gold:   146        SH:  0    Dex: 15    Spells: 6/6 levels left

rFire    . . .     SeeInvis .   a - +0 long sword
rCold    . . .     Gourm    .   (no shield)
rNeg     . . .     Faith    .   b - +0 leather armour
rPois    .         Spirit   .   c - +0 helmet
rElec    .         Reflect  .   (no cloak)
rCorr    .         Harm     .   (no gloves)
MR       .....                  (no boots)
Stlth    +.........             (no amulet)
HPRegen  0.13/turn              (no ring)
MPRegen  0.10/turn              (no ring)

@: no status effects
A: claws 1
a: no special abilities


You were on level 3 of the Dungeon.
You were hungry.

You visited 1 branch of the dungeon, and saw 3 of its levels.

You collected 146 gold pieces.

Inventory:

Hand Weapons
 a - a +0 long sword (weapon)
Missiles
 d - 2 throwing nets (quivered)
Armour
 b - a +0 leather armour (worn)
 c - a +0 helmet (worn)
Scrolls
 e - a scroll of amnesia {unknown}
 g - 5 scrolls of identify {unknown}
 h - a scroll of teleportation {unknown}
 i - a scroll of random uselessness {unknown}
 j - a scroll of enchant armour {unknown}
 l - a scroll of remove curse {unknown}
 n - a scroll of immolation {unknown}
Potions
 k - a potion of haste
 m - a potion of degeneration {unknown}
 o - a potion of curing
Comestibles
 f - 5 rations


   Skills:
 + Level 2.6 Fighting
 + Level 3.7 Long Blades
 + Level 1.7 Throwing
 * Level 2.1 Armour
 + Level 3.1 Dodging
 - Level 0.2 Stealth
 * Level 1.2 Spellcasting


You had 6 spell levels left.
You didn't know any spells.

Dungeon Overview and Level Annotations

Branches:
Dungeon (3/15)

Altars:
Cheibriados


Innate Abilities, Weirdness & Mutations

You have sharp fingernails.


Message History

The orc warrior is heavily wounded.
You closely miss the orc warrior.
The orc warrior is heavily wounded.
The orc warrior closely misses you.
The orc wizard casts a cantrip, but nothing happens.
You hit the orc warrior.
The orc warrior is heavily wounded.
The orc warrior barely misses you.
You riposte.
You closely miss the orc warrior.
The orc warrior is heavily wounded.
You hit the orc warrior but do no damage.
The orc warrior is heavily wounded.
The orc warrior barely misses you.
You hit the orc warrior.
The orc warrior is almost dead.
The orc warrior completely misses you.
You barely miss the orc warrior.
The orc warrior is almost dead.
The orc warrior hits you with an enchanted battleaxe!!
You die...

##.....##########.###
##.......## #........
#.........####.....##.
+.).......'......#.##.
#.........####..###.#.
#.......## #...#.##.
##.....## #.##.###.
##...## #.##<###.
##@## #........ #o#
####.#### #o# #.# #o#
..# .o. #### .(. ...
##.##


You could see an orc warrior, an orc wizard and 2 orcs.

Vanquished Creatures
  A worker ant (D:3)
  6 adders (D:2)
  A shadow imp (D:3)
  An ooze (D:2)
  3 worms (D:2)
  3 leopard geckos
  2 orcs (D:3)
  6 giant cockroaches
  7 goblins
  4 hobgoblins
  3 ball pythons
  6 bats
  5 kobolds
  5 rats
53 creatures vanquished.

Notes
Turn   | Place    | Note
-------+----------+-------------------------------------------
     0 | D:1      | Revguard the Demonspawn Gladiator began the quest for the Orb.
     0 | D:1      | Reached XP level 1. HP: 16/16 MP: 1/1
   147 | D:1      | Gained mutation: You have sharp fingernails. [demonic ancestry]
   147 | D:1      | Reached XP level 2. HP: 9/22 MP: 2/2
   631 | D:1      | Reached skill level 1 in Armour
   776 | D:2      | Reached XP level 3. HP: 23/27 MP: 2/4
  1086 | D:2      | Reached skill level 1 in Spellcasting
  1132 | D:2      | Reached XP level 4. HP: 22/33 MP: 5/5
  1882 | D:3      | Reached XP level 5. HP: 33/39 MP: 6/6
  1950 | D:3      | Found a snail-covered altar of Cheibriados.
  2381 | D:3      | Noticed an orc warrior
  2393 | D:3      | Slain by an orc warrior

Skill      XL: |  1  2  3  4 |
---------------+-------------+-----
Armour         | 1 2 |  2.1
Long Blades    | 3 |  3.7
Dodging        | 3 |  3.1
Spellcasting   | 1 |  1.2
Fighting       | |  2.6
Throwing       | |  1.7
Stealth        | |  0.2

Action                   |  1- 3 |  4- 6 || total
-------------------------+-------+-------++-------
Melee: Long sword        |    76 |    97 ||   173
Throw: Throwing net      |       |     1 ||     1
  Use: Potion            |     2 |       ||     2
 Stab: Sleeping          |       |     2 ||     2
       Held in net/web   |       |     1 ||     1
  Eat: Ration            |       |     1 ||     1
       Chunk             |       |     1 ||     1
Armor: Leather armour    |    32 |    19 ||    51
Dodge: Dodged            |    88 |    62 ||   150
       Rpst.: Long sword |    24 |    19 ||    43
